 Dungeon Crawl Stone Soup version 0.31-a0-1308-ga3cce3a448 (webtiles) character file.

Game seed: 7298122310160319303

136 Curundu the Slasher (level 4, -1/41 HPs)
             Began as a Minotaur Berserker on Dec 19, 2023.
             Was a Believer of Trog.
             Slain by a rat (2 damage)
             ... on level 3 of the Dungeon.
             The game lasted 00:05:17 (2010 turns).

Curundu the Slasher (Minotaur Berserker)            Turns: 2010, Time: 00:05:18

Health: -1/41      AC:  5    Str: 24    XL:     4   Next: 98%
Magic:  3/3        EV: 11    Int:  4    God:    Trog [**....]
Gold:   47         SH:  4    Dex: 15    Spells: 3/3 levels left

rFire   . . .        a - +0 falchion
rCold   . . .        o - +0 buckler
rNeg    . . .        j - +0 ring mail
rPois   .            (helmet restricted)
rElec   .            (no cloak)
rCorr   .            (no gloves)
SInv    .            (no boots)
Will    .....        (no amulet)
Stlth   +            c - +6 ring of dexterity
HPRegen 0.26/turn    (no ring)
MPRegen 0.08/turn

%: no passive effects
@: no status effects
A: horns 2, retaliatory headbutt
a: Renounce Religion, Berserk, Trog's Hand


You were on level 3 of the Dungeon.
You worshipped Trog.
Trog was pleased with you.
You visited 1 branch of the dungeon, and saw 3 of its levels.

You collected 47 gold pieces.

Inventory:

Hand Weapons
 a - a +0 falchion (weapon)
Armour
 j - a +0 ring mail (worn)
 o - a +0 buckler (worn)
Jewellery
 c - a +6 ring of dexterity (left hand)
Scrolls
 d - 2 scrolls of teleportation {unknown}
 e - 2 scrolls of blinking {unknown}
 f - 3 scrolls of identify {unknown}
 g - a scroll of enchant armour {unknown}
 k - 3 scrolls of noise {unknown}
 n - a scroll of brand weapon {unknown}
Potions
 h - a potion of heal wounds {unknown}
 i - a potion of mutation {unknown}
 l - 2 potions of curing {unknown}
 m - a potion of enlightenment {unknown}


   Skills:
 + Level 4.9 Fighting
 + Level 5.4 Long Blades
 + Level 2.7 Armour
 + Level 2.7 Dodging
 + Level 0.3 Stealth
 + Level 0.1 Shields


You had 3 spell levels left.
You didn't know any spells.
Your spell library contained the following spells:

 Spells                   Type           Power      Damage    Failure   Level
 Lesser Beckoning         Tloc           0%         N/A       86%         2
 Gell's Gravitas          Tloc           0%         N/A       97%         3
 Teleport Other           Tloc           0%         N/A       97%         3


Dungeon Overview and Level Annotations

Branches:
Dungeon (3/15)

Altars:
Cheibriados


Innate Abilities, Weirdness & Mutations

You have a pair of horns on your head.
You reflexively headbutt those who attack you in melee.


Message History

You barely miss Robin.
Robin is heavily wounded.
The goblin no longer looks unusually strong.
Robin throws the goblin at you!
The goblin unwields a +0 sling.
The goblin wields a +0 club.
The goblin barely misses you.
You hit Robin but do no damage. Your headbutt misses Robin.
Robin is heavily wounded.
Robin throws the goblin at you! The goblin hits you with a +0 club.
* * * LOW HITPOINT WARNING * * *
The goblin closely misses you. You furiously retaliate!
You headbutt the goblin. You slash Robin!
Robin is almost dead.
Robin roars a battlecry!
The goblin goes into a battle-frenzy!
The goblin barely misses you. You furiously retaliate!
You headbutt the goblin!
You kill the goblin!
Trog accepts your kill. The goblin hits you with a +0 dagger.
* * * LOW HITPOINT WARNING * * *
You hit Robin.
You kill Robin!
Trog accepts your kill. The goblin hits you with a +0 dagger.
* * * LOW HITPOINT WARNING * * *
You hit the goblin.
You kill the goblin!
Trog accepts your kill. You block the hobgoblin's attack.
You slash the hobgoblin!
You kill the hobgoblin!
Trog accepts your kill.
You hit the endoplasm.
You kill the endoplasm!
Trog accepts your kill.
You hit the rat but do no damage. The rat closely misses you.
You barely miss the rat. The rat bites you.
* * * LOW HITPOINT WARNING * * *
You closely miss the rat. The rat bites you.
You die...

.# ####........
.# #.........##
.##
#..[#####...
..## ###....#
### # #..#
####.# .####
##†##### #.###
##....#
....<..#
#...####.....!.
.......#
###..))#g.>....
.......#
####@#)......
.......<#
#)r)...#
#######...
######.# ####


You could see a rat.

Vanquished Creatures
  A hound (D:2)
  Robin (D:3)
  A gnoll (D:1)
  An adder (D:3)
  2 worms (D:2)
  4 orcs (D:2)
  3 ball pythons
  6 bats
  2 endoplasms
  3 giant cockroaches (D:2)
  9 goblins
  8 hobgoblins
  6 jackals (D:2)
  5 kobolds
  A quokka (D:2)
  A frilled lizard (D:2)
  7 rats
61 creatures vanquished.

Notes
Turn   | Place    | Note
-------+----------+-------------------------------------------
     0 | D:1      | Curundu the Minotaur Berserker began the quest for the Orb.
     0 | D:1      | Reached XP level 1. HP: 19/19 MP: 0/0
   164 | D:1      | Found a faded altar of an unknown god.
   217 | D:1      | Reached XP level 2. HP: 26/27 MP: 1/1
   247 | D:1      | Reached skill level 4 in Long Blades
   823 | D:2      | Reached XP level 3. HP: 28/33 MP: 2/2
   898 | D:2      | Reached ** piety under Trog
   903 | D:2      | Reached XP level 4. HP: 15/41 MP: 3/3
  1165 | D:2      | Found a snail-covered altar of Cheibriados.
  1581 | D:2      | Reached skill level 5 in Long Blades
  1984 | D:3      | Noticed Robin
  2004 | D:3      | Killed Robin
  2004 | D:3      | HP: 2/41 [goblin/+0 dagger[Robin] (1)]
  2009 | D:3      | HP: 1/41 [rat (3)]
  2010 | D:3      | Slain by a rat

Illustrated notes

Levels and vault maps discovered:
D:1:      amcnicky_arrival_flooded_fountain, layout_basic,
          shapermc_ecumenical_altar_totnotflames
D:2:      layout_loops_corners, basic_altar, wad_orctagon
D:3:      layout_rooms, lemuel_tele_altar, serial_shops, nicolae_shop_crystal,
          uniq_grinder, uniq_robin

Skill      XL: |  1  2  3  4 |
---------------+-------------+-----
Long Blades    | 4 5 |  5.4
Fighting       | 4 |  4.9
Armour         | |  2.7
Dodging        | |  2.7
Stealth        | |  0.3
Shields        | |  0.1

Action                     |  1- 3 |  4- 6 || total
---------------------------+-------+-------++-------
  Melee: Falchion          |    62 |    71 ||   133
         Headbutt          |     7 |    11 ||    18
   Stab: Sleeping          |     1 |       ||     1
 Armour: Animal skin       |    35 |     5 ||    40
         Ring mail         |       |    36 ||    36
  Dodge: Dodged            |    37 |    59 ||    96
  Block: Buckler           |       |     6 ||     6

Table legend: (Time is in decaauts)
 A = Elapsed time spent in this place.
 B = Non-inter-level travel time spent in this place.
 C = Inter-level travel time spent in this place.
 D = Time resting spent in this place.
 E = Time spent auto-exploring this place.
 F = Levels seen in this place.
 G = Mean time per level.
                   A        B        C        D        E       F      G
               +--------+--------+--------+--------+--------+-----+--------+
         Total |   2018 |   2018 |      0 |      0 |   1592 |   3 |  672.7 |
       Dungeon |   2018 |   2018 |      0 |      0 |   1592 |   3 |  672.7 |
               +--------+--------+--------+--------+--------+-----+--------+

Top non-repeatable levels by time:
     D:2: 1103 daAuts
     D:1: 802 daAuts
     D:3: 113 daAuts
